Map: Interloper LE

Players

Aerytheta - Winner!

  • Race: Zerg Zerg
  • Spawn Location: 5:00

Tetrakill

  • Race: Protoss Protoss
  • Spawn Location: 11:00

VOD

Have the link to the VOD?

Description

Time

  • Played on: Nov. 12, 2017, 11:13 a.m.
  • Length: 4:53
Show
View Real Time Build Order
Export as new Build Order

Aerytheta Zerg - Winner!

Build Orders: Hatch First 

Get SALT Encoding   

  12  0:01  Drone  
  13  0:13  Overlord  
  13  0:17  Drone  
  14  0:34  Drone  
  14  0:35  Drone  
  16  0:37  Drone  
  17  0:56  Drone  
  18  0:58  Hatchery  
  18  0:59  Drone  
  18  1:10  Extractor  
  17  1:15  Spawning Pool  
  16  1:18  Drone  
  16  1:22  Drone  
  18  1:28  Drone  
  19  1:40  Overlord  
  19  2:03  Zergling x4  
  19  2:04  Queen  
  23  2:09  Queen  
  23  2:11  Zergling x2  
  26  2:18  Zergling x2  
  26  2:19  Metabolic Boost  
  27  2:24  Zergling x4  
  29  2:31  Zergling x2  
  29  2:33  Zergling x2  
  31  2:44  Zergling x4  
  33  2:54  Overlord x2  
  33  3:04  Zergling x2  
  33  3:05  Zergling x2  
  35  3:17  Zergling x8  
  35  3:18  Zergling x6  
  42  3:22  Zergling x2  
  43  3:28  Zergling x2  
  44  3:39  Zergling x2  
  44  3:40  Zergling x2  
  46  3:55  Drone x5  
  51  3:56  Overlord  
  51  3:57  Overlord  
Show
View Real Time Build Order
Export as new Build Order

Tetrakill Protoss 

Build Orders:  

Get SALT Encoding   

  12  0:07  Probe (Chrono Boost)  
  13  0:18  Probe (Chrono Boost)  
  14  0:24  Pylon  
  15  0:28  Probe (Chrono Boost)  
  15  0:42  Probe (Chrono Boost)  
  16  0:45  Forge  
  16  0:57  Gateway  
  16  1:02  Probe (Chrono Boost)  
  17  1:09  Assimilator  
  17  1:13  Probe (Chrono Boost)  
  17  1:17  Assimilator  
  18  1:23  Probe (Chrono Boost)  
  19  1:26  Photon Cannon  
  19  1:37  Photon Cannon  
  19  1:50  Probe (Chrono Boost)  
  21  2:01  Probe (Chrono Boost)  
  21  2:08  Cybernetics Core  
  21  2:12  Probe (Chrono Boost)  
  22  2:16  Pylon  
  22  2:22  Probe (Chrono Boost)  
  23  2:36  Photon Cannon  
  23  2:41  Photon Cannon  
  23  2:52  Pylon  
  23  3:11  Nexus  
  23  3:25  Stargate  
  23  3:41  Robotics Facility  
  23  3:55  Probe (Chrono Boost)  
  24  4:05  Probe (Chrono Boost)  
  25  4:16  Probe (Chrono Boost)  
  25  4:17  Photon Cannon  
  25  4:19  Photon Cannon  
  25  4:26  Probe (Chrono Boost), Photon Cannon  
  26  4:37  Probe (Chrono Boost)  
Tags
 
Matchup
PvZ
Spawn Locations
Cross Positions
Add a new tag
Caveats
  • Supply blocks, unpowered buildings, or Contaminate may cause inaccurate times.
  • Supply counts are checked every 10 seconds.